 Dungeon Crawl Stone Soup version 0.25-a0-523-g9afb2ee040 (webtiles) character file.

Game seed: 4289832622081286097, levelgen mode: classic

25779 EnegeticOcto the Cleaver (level 12, -2/117 HPs)
             Began as a Deep Dwarf Fighter on Feb 18, 2020.
             Was an Elder of Makhleb.
             Slain by a vault guard
             ... wielding a +0 battleaxe
              (5 damage)
             ... on level 14 of the Dungeon.
             The game lasted 00:08:18 (9803 turns).

EnegeticOcto the Cleaver (Deep Dwarf Fighter)       Turns: 9803, Time: 00:08:19

Health: -2/117     AC: 17    Str: 23    XL:     12   Next: 92%
Magic:  0/0        EV:  9    Int: 11    God:    Makhleb [****..]
Gold:   506        SH: 18    Dex: 21    Spells: 11/11 levels left

rFire    . . .     SeeInvis .   a - +2 broad axe
rCold    . . .     Gourm    .   D - +0 tower shield
rNeg     . . .     Faith    .   w - +1 plate armour
rPois    +         Spirit   .   (no helmet)
rElec    .         Reflect  .   B - +1 cloak "Susat" {Dex+9}
rCorr    .         Harm     .   (no gloves)
MR       ++...                  (no boots)
Stlth    ..........             (no amulet)
HPRegen  0.00/turn              q - ring of protection from magic
MPRegen  0.07/turn              i - ring of poison resistance

@: non-regenerating
A: damage resistance, heal wounds, sense surroundings 2, no regeneration
a: Heal Wounds, Minor Destruction, Lesser Servant of Makhleb, Major Destruction,
Renounce Religion


You were on level 14 of the Dungeon.
You worshipped Makhleb.
Makhleb was greatly pleased with you.
You were not hungry.

You visited 2 branches of the dungeon, and saw 15 of its levels.

You collected 878 gold pieces.
You spent 372 gold pieces at shops.

Inventory:

Hand Weapons
 a - a +2 broad axe (weapon)
Missiles
 r - 5 throwing nets (quivered)
Armour
 c - a +0 kite shield
 w - a +1 plate armour (worn)
 B - the +1 cloak "Susat" (worn) {Dex+9}
   (You found it on level 9 of the Dungeon)

   It affects your dexterity (+9).
   If you remove this armour, your AC will decrease by 2 (17 -> 15).
 D - a +0 tower shield (worn)
Jewellery
 b - an uncursed ring of protection from fire
 i - a ring of poison resistance (right hand)
 q - a ring of protection from magic (left hand)
 y - an uncursed ring of resist corrosion
 L - a +4 ring of strength {unknown}
Wands
 o - a wand of enslavement (8)
 p - a wand of paralysis (8)
 u - a wand of digging (6) {@V2}
 E - a wand of acid (13) {@V1}
 H - a wand of clouds (5)
 J - a wand of flame (25)
Scrolls
 f - 4 scrolls of identify {@r1}
 g - 4 scrolls of fog
 s - 3 scrolls of teleportation {@r2}
 v - 2 scrolls of magic mapping {@r5}
 x - 2 scrolls of enchant armour
 A - 4 scrolls of blinking {@r3}
 K - 4 scrolls of remove curse {@r6}
Potions
 d - 3 potions of invisibility
 h - 3 potions of curing {@q1}
 j - a potion of stabbing {@q5}
 k - 3 potions of might {@q3}
 l - 3 potions of heal wounds {@q2}
 m - a potion of resistance {@q6}
 n - a potion of haste {@q4}
 t - a potion of brilliance
 z - a potion of mutation {unknown}
 C - a potion of flight
 F - 3 potions of magic
 G - 2 potions of cancellation
 I - 3 potions of lignification {@q7}
Comestibles
 e - 19 rations


   Skills:
 * Level 10.4 Fighting
 * Level 11.9 Axes
 + Level 9.0 Armour
 + Level 8.4 Dodging
 * Level 10.0 Shields
 + Level 10.3 Invocations


You had 11 spell levels left.
You didn't know any spells.
Your spell library contained the following spells:

 Spells                   Type           Power        Failure   Level  Hunger
 Magic Dart               Conj           #...         100%        1    ##.....
 Searing Ray              Conj           #.....       100%        2    ###....
 Dazzling Flash           Conj/Hex       #.....       100%        3    ####...
 Cause Fear               Hex            #.........   100%        4    #####..
 Fulminant Prism          Conj/Hex       #.........   100%        4    #####..
 Iskenderun's Mystic Bla  Conj/Tloc      #.......     100%        4    #####..
 Silence                  Hex/Air        #.........   100%        5    ######.
 Yara's Violent Unravell  Hex/Tmut       #.........   100%        5    ######.
 Deflect Missiles         Chrm/Air       #.........   100%        6    #######
 Discord                  Hex            #.........   100%        8    #######


Dungeon Overview and Level Annotations

Branches:
Dungeon (14/15)            Temple (1/1) D:6            Lair (0/6) D:11
    Orc (0/2) D:9
 Vaults: D:13-14

Altars:
Ashenzari
Cheibriados
Dithmenos
Elyvilon
Fedhas
Gozag
Hepliaklqana
Kikubaaqudgha
Makhleb
Nemelex Xobeh
Okawaru
Qazlal
Ru
Sif Muna
Trog
Uskayaw
Vehumet
Wu Jian
Xom
Yredelemnul
Zin
The Shining One

Shops:
D:4 *   D:9 (   D:12 ?


Innate Abilities, Weirdness & Mutations

You are resistant to damage.
You can heal yourself by infusing magical energy.
You passively map the area around you.
You do not regenerate.


Message History

You are feeling hungry.
You slash the efreet!
You kill the efreet!
Makhleb accepts your kill.
You feel better.
You hit the tengu. The tengu hits you.
* * * LOW HITPOINT WARNING * * *
You block the tengu's attack. x2
You block the tengu's attack. x3
You see here a +3 scimitar of flaming.
The tengu barely misses you. You block the tengu's attack. x2
You barely miss the tengu. You block the tengu's attack. The tengu pecks you.
The tengu barely misses you.
You hit the tengu.
The tengu is lightly wounded.
You block the tengu's attack. The tengu barely misses you.
You block the tengu's attack.
Your plate armour prevents you from hitting the tengu.
The tengu is lightly wounded.
The tengu barely misses you. The tengu pecks you but does no damage.
The tengu closely misses you.
You closely miss the tengu.
The tengu is lightly wounded.
The tengu hits you but does no damage. You block the tengu's attack.
The tengu claws you but does no damage.
You slash the tengu!
The tengu is severely wounded.
You block the tengu's attack. The tengu closely misses you.
You block the tengu's attack.
You slash the tengu!
You kill the tengu!
Makhleb accepts your kill.
You feel better.
You see here a shapeshifter corpse.
Eating one of 7 chunks of flesh.
You eat one of the 7 chunks of flesh.
This raw flesh tastes terrible.
You open the door.
There is an open door here.
Some of the chunks of flesh in your inventory have rotted away.
Found a stone staircase leading down.
f - 4 scrolls of identify {@r1} (gained 1)
You open the door.
There is an open door here.
Found a dagger.
K - 4 scrolls of remove curse {@r6} (gained 3)
You open the door.
There is an open door here.
Found a potion of degeneration.
There is an open door here.
As you open the door, it creaks loudly!
There is an open door here.
You open the door.
A vault guard comes into view. It is wielding a +0 battleaxe.
The vault guard shouts!
You block the vault guard's attack.
There is an open door here.
You hit the vault guard.
The vault guard is lightly wounded.
The vault guard hits you with a +0 battleaxe.
All of the chunks of flesh in your inventory have rotted away.
You hit the vault guard.
The vault guard is lightly wounded.
The vault guard hits you with a +0 battleaxe!
* * * LOW HITPOINT WARNING * * *
You closely miss the vault guard.
The vault guard is lightly wounded.
You block the vault guard's attack.
You barely miss the vault guard.
The vault guard is lightly wounded.
You closely miss the vault guard.
The vault guard is lightly wounded.
The vault guard hits you with a +0 battleaxe!
* * * LOW HITPOINT WARNING * * *
You hit the vault guard.
The vault guard is lightly wounded.
You block the vault guard's attack.
You slash the vault guard!
The vault guard is moderately wounded.
You block the vault guard's attack.
You slice the vault guard!!
The vault guard is heavily wounded.
You block the vault guard's attack.
You hit the vault guard but do no damage.
The vault guard is heavily wounded.
You block the vault guard's attack.
You slash the vault guard!
The vault guard is severely wounded.
You hit the vault guard but do no damage.
The vault guard is severely wounded.
The vault guard hits you with a +0 battleaxe!
* * * LOW HITPOINT WARNING * * *
You hit the vault guard but do no damage.
The vault guard is severely wounded.
You block the vault guard's attack.
You slash the vault guard!
The vault guard is almost dead.
You block the vault guard's attack.
You hit the vault guard but do no damage.
The vault guard is almost dead.
The vault guard hits you with a +0 battleaxe!
You die...

#.........#### *
#.........# ,, * *
####.....## *
#.....# , , , ,
#######.....##, , ,
#....)......'# *, ,
*########....######
, #§.≈#...........,
, ,∩
+..p@.##........ ,
#≈.≈#....######.*,,*
########.>.#* , ,
.......#'#.#*, * ,*
#.#.........# *
#.#.#.......#*, ...#
#.#.#.......# , *
...#
#.#.#.^.....#######
# ...####
#.#<#####.#.#.#... .


You could see a vault guard.

Vanquished Creatures
  The ghost of EnegeticOcto the Cleaver, a journeyman DDFi of Makhleb (D:13)
  Fannar (D:12)
  Erolcha (D:13)
  Harold (D:8)
  7 two-headed ogres
  A tengu warrior (D:13)
  Urug (D:12)
  2 unseen horrors
  2 ugly things
  A deep elf mage (D:13)
  A manticore (D:14)
  A cyclops (D:14)
  Maggie (D:8)
  Psyche (D:8)
  A komodo dragon (D:14)
  A gargoyle (D:12)
  An efreet (D:14)
  A merfolk (D:10)
  A hornet (D:10)
  5 trolls
  Prince Ribbit (D:8)
  A meliai zombie (D:11)
  2 hippogriffs
  A wyvern (D:11)
  14 yaks
  2 shadows
  3 wraiths
  3 hungry ghosts (D:10)
  3 vampire mosquitoes (D:13)
  8 orc warriors
  2 water moccasins
  A hornet zombie (D:13)
  2 ice beasts
  A phantom (D:7)
  A sky beast (D:9)
  An eye of draining (D:10)
  A tengu (shapeshifter) (D:14)
  A black bear (D:12)
  2 centaurs
  14 ogres
  7 big kobolds
  7 bullfrogs
  A wyvern skeleton (D:10)
  6 scorpions
  4 killer bees (D:9)
  7 wights
  An electric eel (D:9)
  6 howler monkeys
  6 crimson imps
  3 centaur zombies
  9 hounds
  8 jellies
  A quasit (D:11)
  8 orc priests
  A centaur skeleton (D:5)
  12 orc wizards
  2 bullfrog skeletons
  6 iguanas
  6 worker ants
  11 adders
  2 gnolls (D:3)
  2 shadow imps
  An adder skeleton (D:8)
  4 leopard geckos
  41 orcs
  A ball python (D:2)
  3 bats
  3 giant cockroaches
  2 goblins (D:3)
  6 hobgoblins
  6 jackals
  4 quokkas
  3 frilled lizards
  59 kobolds
  3 rats
348 creatures vanquished.

Notes
Turn   | Place    | Note
-------+----------+-------------------------------------------
     0 | D:1      | EnegeticOcto the Deep Dwarf Fighter began the quest for the
                  | Orb.
     0 | D:1      | Reached XP level 1. HP: 20/20 MP: 1/1
   163 | D:2      | Reached XP level 2. HP: 25/27 MP: 2/2
   305 | D:3      | Noticed a big kobold
   321 | D:3      | Killed a big kobold
   321 | D:3      | Reached skill level 3 in Axes
   321 | D:3      | Reached skill level 1 in Dodging
   321 | D:3      | Reached XP level 3. HP: 21/34 MP: 3/3
   321 | D:3      | Reached XP level 4. HP: 26/42 MP: 4/4
   403 | D:3      | Noticed a big kobold
   407 | D:3      | Noticed a big kobold
   416 | D:3      | Killed a big kobold
   416 | D:3      | Reached XP level 5. HP: 46/49 MP: 5/5
   428 | D:3      | Reached skill level 4 in Axes
   586 | D:3      | Reached XP level 6. HP: 37/57 MP: 6/6
  1559 | D:4      | Reached XP level 7. HP: 34/66 MP: 7/7
  1620 | D:4      | Found Kypsiol's Assorted Antiques.
  1637 | D:4      | Bought a scroll labeled DYFOBB SAMIROMM for 27 gold pieces
  1637 | D:4      | Bought a scroll labeled ZUDAXY CUD KOUNK for 27 gold pieces
  1637 | D:4      | Bought a scroll labeled CAPHUZEDEG for 27 gold pieces
  1637 | D:4      | Bought a scroll labeled VAUFRA COOZA for 27 gold pieces
  1637 | D:4      | Bought a fizzy red potion for 24 gold pieces
  2128 | D:5      | Entered Level 5 of the Dungeon
  2143 | D:5      | Reached skill level 5 in Axes
  2187 | D:5      | Found a hide-covered altar of Uskayaw.
  2380 | D:5      | Found a shimmering blue altar of Sif Muna.
  2560 | D:5      | Reached skill level 5 in Fighting
  2663 | D:5      | Reached skill level 5 in Shields
  2890 | D:6      | Found a staircase to the Ecumenical Temple.
  2911 | D:6      | Noticed a hippogriff
  2913 | Temple   | Entered the Ecumenical Temple
  3124 | D:6      | Killed a hippogriff
  3124 | D:6      | Reached skill level 5 in Armour
  3124 | D:6      | Reached XP level 8. HP: 41/74 MP: 7/7
  3250 | D:6      | Reached skill level 6 in Axes
  3569 | D:6      | Found a shadowy altar of Dithmenos.
  3873 | D:7      | Reached skill level 7 in Axes
  3924 | D:7      | Found a burning altar of Makhleb.
  3955 | D:7      | Gained mutation: You passively map the area around you.
                  | [Deep Dwarf growth]
  3955 | D:7      | Reached XP level 9. HP: 68/84 MP: 4/4
  3968 | D:7      | Became a worshipper of Makhleb the Destroyer
  4103 | D:7      | Reached skill level 1 in Invocations
  4319 | D:8      | Noticed Maggie
  4345 | D:8      | Killed Maggie
  4345 | D:8      | Reached skill level 5 in Dodging
  4399 | D:8      | Noticed Harold
  4399 | D:8      | Noticed Psyche
  4420 | D:8      | Killed Psyche
  4440 | D:8      | Killed Harold
  4440 | D:8      | Reached skill level 8 in Axes
  4469 | D:8      | Reached XP level 10. HP: 56/94 MP: 5/5
  4469 | D:8      | Noticed a two-headed ogre
  4489 | D:8      | Killed a two-headed ogre
  4489 | D:8      | Reached skill level 5 in Invocations
  4639 | D:8      | Found a bloodstained altar of Trog.
  4762 | D:8      | Found a stormy altar of Qazlal.
  4781 | D:8      | Reached * piety under Makhleb
  4968 | D:8      | Found a hazy altar of Hepliaklqana.
  4969 | D:8      | Found a stormy altar of Qazlal.
  4969 | D:8      | Found a sparkling altar of Nemelex Xobeh.
  4972 | D:8      | Found a glowing golden altar of the Shining One.
  5095 | D:8      | Noticed Prince Ribbit
  5112 | D:8      | Killed Prince Ribbit
  5336 | D:9      | Found Erghe's Weapon Boutique.
  5389 | D:9      | Got a steaming cloak
  5395 | D:9      | Identified the +1 cloak "Susat" {Dex+9} (You found it on
                  | level 9 of the Dungeon)
  5437 | D:9      | Reached skill level 9 in Axes
  5792 | D:9      | Reached ** piety under Makhleb
  5885 | D:9      | Found a staircase to the Orcish Mines.
  6186 | D:10     | Entered Level 10 of the Dungeon
  6373 | D:10     | Reached XP level 11. HP: 93/104 MP: 1/3
  6508 | D:10     | Reached *** piety under Makhleb
  6801 | D:10     | Killed an unseen horror
  6817 | D:10     | Reached skill level 10 in Axes
  7278 | D:11     | Noticed a cyan ugly thing
  7307 | D:11     | Killed a cyan ugly thing
  7350 | D:11     | Reached **** piety under Makhleb
  7477 | D:11     | Found a staircase to the Lair.
  7991 | D:12     | Noticed a red ugly thing
  8006 | D:12     | Killed a red ugly thing
  8095 | D:12     | Noticed Urug
  8131 | D:12     | Killed Urug
  8175 | D:12     | Noticed Fannar
  8257 | D:12     | Killed Fannar
  8258 | D:12     | Found Veeph's Magic Scroll Shoppe.
  8282 | D:12     | Bought a scroll of enchant weapon for 120 gold pieces
  8282 | D:12     | Bought a scroll of enchant armour for 120 gold pieces
  8297 | D:12     | Reached XP level 12. HP: 63/115 MP: 2/2
  8518 | D:13     | Noticed a tengu warrior
  8562 | D:13     | Killed a tengu warrior
  8579 | D:13     | Reached skill level 11 in Axes
  8627 | D:13     | Noticed a two-headed ogre
  8646 | D:13     | Killed a two-headed ogre
  8857 | D:13     | Noticed Erolcha
  8866 | D:13     | Killed Erolcha
  8896 | D:13     | Noticed a two-headed ogre
  8901 | D:13     | Killed a two-headed ogre
  8941 | D:13     | Noticed a two-headed ogre
  8941 | D:13     | Identified the cursed +1 dire flail of Extinguishment
                  | {vorpal, *Slow +Rage +Fly Dex+8}
  8941 | D:13     | Identified the +10 dire flail of Awnur {holy, MP+9 Str+4
                  | Int+5}
  8941 | D:13     | Noticed a two-headed ogre
  8941 | D:13     | Noticed a two-headed ogre
  8942 | D:13     | Noticed EnegeticOcto's ghost (journeyman DDFi)
  9003 | D:13     | Noticed a two-headed ogre
  9005 | D:13     | Found a transporter.
  9008 | D:13     | Found a transporter.
  9029 | D:13     | Killed a two-headed ogre
  9029 | D:13     | Reached skill level 10 in Fighting
  9029 | D:13     | Killed a two-headed ogre
  9035 | D:13     | Killed a two-headed ogre
  9035 | D:13     | Reached skill level 10 in Invocations
  9036 | D:13     | Killed a two-headed ogre
  9044 | D:13     | Killed EnegeticOcto's ghost
  9510 | D:14     | Reached skill level 10 in Shields
  9788 | D:14     | Noticed a vault guard
  9800 | D:14     | HP: 3/117 [vault guard/+0 battleaxe (5)]
  9803 | D:14     | Slain by a vault guard

Levels and vault maps discovered:
D:1:      nzn_arrival_depleted_hourglass, layout_rooms, minmay_pentomino_v4
D:2:      layout_loops_ring, kennysheep_jessica_study
D:3:      minmay_goblin_kobold_castle, layout_loops_cross
D:4:      layout_layer_cave, serial_shops, shop, first_ration
D:5:      layout_basic, tgw_sif, kennysheep_mini
D:6:      layout_basic, nicolae_dithmenos_the_darkroom, minmay_temple_entry_tees
D:7:      layout_rooms, kennysheep_mini_moat
D:8:      layout_loops_corners, lightli_temple_of_fire,
          grunt_temple_overflow_open, basic_altar, uniq_maggie,
          uniq_prince_ribbit1, uniq_harold, uniq_psyche
D:9:      lemuel_ogre_cave, layout_gridville, david_orc_2, serial_shops,
          nicolae_shop_stone
D:10:     minmay_slanted_spiral_squares, layout_basic, hangedman_fish_farm
D:11:     layout_long_grid, lair_entry_dummy
D:12:     layout_rooms, serial_shops, shop_scrolls, uniq_fannar, uniq_urug
D:13:     layout_loops_ring, gammafunk_ghost_smash, uniq_erolcha
D:14:     layout_basic, hangedman_vaults_entry_quadrant_bands, enter_trove_5
Temple:   nicolae_temple_figure_eight

Skill      XL: |  1  2  3  4  5  6  7  8  9 10 11 12 |
---------------+-------------------------------------+-----
Fighting       | 3 4 5 6 7 8 9 10 | 10.4
Axes           | 3 4 5 7 8 9 10 11 | 11.9
Dodging        | 1 2 3 4 5 6 7 8 |  8.4
Shields        | 4 5 6 7 8 10 | 10.0
Armour         | 4 5 6 7 8 9 |  9.0
Invocations    | 4 7 9 10 | 10.3

Action                   |  1- 3 |  4- 6 |  7- 9 | 10-12 || total
-------------------------+-------+-------+-------+-------++-------
Melee: War axe           |    60 |   143 |   393 |   280 ||   876
       Broad axe         |       |       |       |   649 ||   649
 Abil: Heal Wounds       |       |     4 |    31 |    39 ||    74
  Use: Scroll            |       |       |    16 |    15 ||    31
       Potion            |       |       |       |     2 ||     2
 Stab: Sleeping          |       |       |       |    24 ||    24
       Invisible         |       |       |       |     6 ||     6
  Eat: Chunk             |       |     3 |     9 |    25 ||    37
       Ration            |       |       |       |     1 ||     1
Armor: Scale mail        |    24 |    53 |    76 |       ||   153
       Chain mail        |       |       |    42 |       ||    42
       Plate armour      |       |       |    71 |   450 ||   521
Dodge: Dodged            |    25 |    50 |   161 |   330 ||   566
Block: Kite shield       |    41 |    94 |   280 |   375 ||   790
       Tower shield      |       |       |       |   398 ||   398

Table legend:
 A = Non-vault XP
 B = Vault XP
 C = Vault XP percentage of total XP
 D = Non-vault monster count
 E = Vault monster count
 F = Vault count percentage of total count
                 A         B        C        D         E       F
            +---------+---------+-------+---------+---------+-------
      Total |   24303 |   12525 |  34.0 |     262 |      86 |  24.7
            +---------+---------+-------+---------+---------+-------
        D:1 |       6 |       0 |   0.0 |       4 |       0 |   0.0
        D:2 |       9 |       0 |   0.0 |       7 |       0 |   0.0
        D:3 |      28 |     482 |  94.5 |      10 |      48 |  82.8
        D:4 |     308 |       0 |   0.0 |      15 |       0 |   0.0
        D:5 |     472 |       0 |   0.0 |      16 |       0 |   0.0
        D:6 |     934 |       0 |   0.0 |      28 |       0 |   0.0
        D:7 |    1104 |       0 |   0.0 |      25 |       0 |   0.0
        D:8 |    1755 |    2068 |  54.1 |      17 |       4 |  19.0
        D:9 |    1008 |     996 |  49.7 |      23 |      14 |  37.8
       D:10 |    3969 |    1339 |  25.2 |      39 |       9 |  18.8
       D:11 |    3668 |       0 |   0.0 |      34 |       0 |   0.0
       D:12 |    2494 |    1532 |  38.1 |      14 |       2 |  12.5
       D:13 |    5855 |    6108 |  51.1 |      19 |       9 |  32.1
       D:14 |    2693 |       0 |   0.0 |      11 |       0 |   0.0
            +---------+---------+-------+---------+---------+-------
